 Dungeon Sprint DCSS version 0.31.0-9-g3a7656b989 (webtiles) character file.

Game seed: 7186520847126905048

4391 Groucho the Blocker (level 10, -17/101 HPs)
             Began as a Minotaur Fighter on Jan 31, 2024.
             Was a Priest of Qazlal.
             Killed from afar by Frances (33 damage)
             ... with a shard of ice
             ... in the Dungeon (Sprint III: "The Ten Rune Challenge").
             The game lasted 00:04:02 (2633 turns).

Groucho the Blocker (Minotaur Fighter)              Turns: 2633, Time: 00:04:02

Health: -17/101    AC:  9    Str: 25    XL:     10   Next: 13%
Magic:  1/17       EV: 10    Int:  5    God:    Qazlal [***...]
Gold:   28         SH: 10    Dex: 10    Spells: 9/9 levels left

rFire   . . .        a - +0 flail
rCold   . . .        c - +0 buckler
rNeg    . . .        b - +0 scale mail
rPois   .            (helmet restricted)
rElec   .            (no cloak)
rCorr   .            (no gloves)
SInv    .            (no boots)
Will    .....        (no amulet) Stlth
                     (no ring)
HPRegen 0.36/turn    (no ring)
MPRegen 0.15/turn

%: no teleportation
@: slowed, very slow
A: horns 2, retaliatory headbutt
a: Renounce Religion, Upheaval, Elemental Force


You were in the Dungeon.
You worshipped Qazlal.
Qazlal was most pleased with you.
You visited 1 branch You collected 28 gold pieces.

Inventory:

Hand Weapons
 a - a +0 flail (weapon)
Armour
 b - a +0 scale mail (worn)
 c - a +0 buckler (worn)
Wands
 d - a wand of charming (5)
 e - a wand of quicksilver (14)
 f - a wand of iceblast (3)
Scrolls
 j - a scroll of blinking
 k - 4 scrolls of identify
 m - 2 scrolls of torment {unknown}
Potions
 g - a potion of haste
 h - 2 potions of magic
 i - a potion of berserk rage
 l - 2 potions of mutation {unknown}
 n - a potion of ambrosia {unknown}
 o - a potion of enlightenment {unknown}


   Skills:
 + Level 13.3 Fighting
 + Level 13.1 Maces & Flails
 + Level 13.3 Armour
 + Level 13.4 Shields
 + Level 10.9 Invocations


You had 9 spell levels left.
You didn't know any spells.
Your spell library contained the following spells:

 Spells                   Type           Power      Damage    Failure   Level
 Blink                    Tloc           0%         N/A       86%         2
 Lesser Beckoning         Tloc           0%         N/A       86%         2
 Momentum Strike          Conj/Tloc      0%         3d8       86%         2


Dungeon Overview and Level Annotations

Branches:
Dungeon (1/1)

Altars:
Cheibriados
Dithmenos
Elyvilon
Fedhas
Gozag
Hepliaklqana
Kikubaaqudgha
Makhleb
Nemelex Xobeh
Okawaru
Qazlal
Ru
Sif Muna
Trog
Uskayaw
Vehumet
Wu Jian
Xom
Yredelemnul
Zin
The Shining One
Jiyva
Lugonu

Annotations:
D Frances


Innate Abilities, Weirdness & Mutations

You have a pair of horns on your head.
You reflexively headbutt those who attack you in melee.


Message History

The blast of ice hits Donald!!
You kill Donald!
Qazlal accepts your kill.
The blast of ice hits Frances!!
Frances is heavily wounded.
Frances is flash-frozen.
You feel sick.
Frances screams a word of power!
You block the iron shot.
Your Fighting skill increases to level 13!
Your Maces & Flails skill increases to level 13!
Your Armour skill increases to level 13!
Your Shields skill increases to level 13!
You have reached level 10!
Unknown command.
You sock Frances! You headbutt Frances!
Frances is severely wounded.
You feel sick.
Frances is no longer encased in ice.
You block Frances's attack.
Frances screams a word of power!
You closely miss Frances. You headbutt Frances!
Frances is severely wounded.
You feel sick.
You are no longer poisoned.
Frances hits you with a +2 war axe of holy wrath!!
* * * LOW HITPOINT WARNING * * *
Frances hits you with a +2 war axe of holy wrath!
* * * LOW HITPOINT WARNING * * *
Unknown command.
Okay, then.
Unknown command.
Aiming: Upheaval
Press: ? - help, Dir - move target, f - sun demon, p - Frances
Aim: a sun demon (summoned)
A storm cloud blasts the area with cutting wind!
The cutting wind hits the smoke demon!!
The smoke demon is almost dead.
The cutting wind hits the sun demon!!
The sun demon is heavily wounded.
Frances screams a word of power!
The shard of ice hits you!!
You die...

#+#####################
#....#.#.#.)...#.^...^+
##.#..#.##.###.#......#
'##.#.#.##)#.)##..^...#
#...#..#..##.)'..^.^..#
▓▓▓▓▓▓▓▓▓▓▓▓▓▓#^..^...#
........~~~...#.......#
≈≈≈≈≈≈≈≈≈≈♣♣..'.§.....#
♣♣♣♣♣♣♣♣♣♣♣♣..#.@○..^^#
♣♣♣##@###### 33§ #...#
#...# #####


You could see Frances (fast), a sun demon (summoned) and a smoke demon
(summoned).

Vanquished Creatures
  Donald (D)
  Erolcha (D)
  A deep elf pyromancer (D)
  3 wandering mushrooms (D)
  A shadow (D)
  2 redbacks (D)
  A spatial vortex (D)
  5 two-headed ogres (D)
  A water elemental (D)
  A necrophage (D)
  A jelly (D)
  An arcanist (D)
  Jessica (D)
  A necromancer (D)
  3 humans (D)
  A kobold demonologist (D)
  A phantom (D)
  An endoplasm (D)
  A rat (D)
28 creatures vanquished.

Notes
Turn   | Place    | Note
-------+----------+-------------------------------------------
     0 | D        | Groucho the Minotaur Fighter began the quest for the Orb.
     0 | D        | Reached XP level 1. HP: 19/19 MP: 0/0
    13 | D        | Noticed Jessica
    17 | D        | Killed Jessica
    18 | D        | Reached XP level 2. HP: 27/28 MP: 0/2
    47 | D        | Reached skill level 5 in Fighting
    47 | D        | Reached skill level 5 in Armour
    47 | D        | Reached skill level 5 in Shields
    47 | D        | Reached XP level 3. HP: 14/36 MP: 2/4
   301 | D        | Noticed a water elemental
   315 | D        | Killed a water elemental
   316 | D        | Reached skill level 5 in Maces & Flails
   316 | D        | Reached XP level 4. HP: 37/44 MP: 5/5
   331 | D        | Noticed a shadow
   335 | D        | HP: 2/44 [shadow (8)]
   338 | D        | Killed a shadow
   339 | D        | Reached skill level 5 in Invocations
   339 | D        | Reached XP level 5. HP: 43/52 MP: 5/8
   340 | D        | Reached XP level 6. HP: 51/61 MP: 5/9
   343 | D        | Found a blossoming altar of Fedhas.
   343 | D        | Found a stormy altar of Qazlal.
   343 | D        | Found a snail-covered altar of Cheibriados.
   343 | D        | Found a burning altar of Makhleb.
   343 | D        | Found a shimmering altar of Xom.
   343 | D        | Noticed a spatial vortex
   344 | D        | Found a hazy altar of Hepliaklqana.
   344 | D        | Found an opulent altar of Gozag.
   344 | D        | Found a sparkling altar of Nemelex Xobeh.
   344 | D        | Found a corrupted altar of Lugonu.
   344 | D        | Found a viscous altar of Jiyva.
   356 | D        | Killed a spatial vortex
   362 | D        | Became a worshipper of Qazlal Stormbringer
   373 | D        | Found a shadowy altar of Dithmenos.
   379 | D        | Found a basalt altar of Yredelemnul.
   379 | D        | Found a sacrificial altar of Ru.
   610 | D        | Found a radiant altar of Vehumet.
   611 | D        | Found a shimmering blue altar of Sif Muna.
   611 | D        | Found an ancient bone altar of Kikubaaqudgha.
   617 | D        | Reached * piety under Qazlal
   618 | D        | Reached XP level 7. HP: 40/69 MP: 10/10
   811 | D        | Found a hide-covered altar of Uskayaw.
   811 | D        | Found an iron altar of Okawaru.
   812 | D        | Found a bloodstained altar of Trog.
   812 | D        | Found an ornate altar of the Wu Jian Council.
   812 | D        | Noticed a human
   812 | D        | Noticed a human
   827 | D        | Killed a human
   835 | D        | Killed a human
   835 | D        | Reached ** piety under Qazlal
  1145 | D        | Found a glowing silver altar of Zin.
  1146 | D        | Found a glowing golden altar of the Shining One.
  1146 | D        | Found a white marble altar of Elyvilon.
  1147 | D        | Noticed a deep elf pyromancer
  1150 | D        | Killed a deep elf pyromancer
  1151 | D        | Reached skill level 10 in Fighting
  1151 | D        | Reached skill level 10 in Maces & Flails
  1151 | D        | Reached skill level 10 in Armour
  1151 | D        | Reached skill level 10 in Shields
  1151 | D        | Reached XP level 8. HP: 80/80 MP: 8/13
  1702 | D        | Noticed a two-headed ogre
  1709 | D        | Killed a two-headed ogre
  1987 | D        | Noticed a two-headed ogre
  1987 | D        | Noticed Erolcha
  1990 | D        | Killed a two-headed ogre
  1991 | D        | Reached XP level 9. HP: 49/89 MP: 4/14
  2000 | D        | Killed Erolcha
  2007 | D        | Reached *** piety under Qazlal
  2435 | D        | Noticed a wandering mushroom
  2441 | D        | Killed a wandering mushroom
  2442 | D        | Reached skill level 10 in Invocations
  2442 | D        | Noticed a wandering mushroom
  2446 | D        | Noticed a wandering mushroom
  2453 | D        | Killed a wandering mushroom
  2466 | D        | Killed a wandering mushroom
  2626 | D        | Noticed Donald
  2626 | D        | Noticed Frances
  2630 | D        | Killed Donald
  2631 | D        | Reached XP level 10. HP: 48/101 MP: 3/17
  2632 | D        | Noticed a smoke demon
  2632 | D        | Noticed a sun demon
  2633 | D        | Killed from afar by Frances

Illustrated notes

Levels and vault maps discovered:
D:        dungeon_sprint_mu [sprint_mu_entry_forest, sprint_mu_temple_rooms,
          sprint_mu_d1_spiders, sprint_mu_d2_genie, sprint_mu_d3_branching,
          sprint_mu_orc_legion, sprint_mu_elf_gauntlet, sprint_mu_hive_nellie,
          sprint_mu_lair_fedhas, sprint_mu_vaults_butterflies,
          sprint_mu_slime_circle, sprint_mu_shoals_kraken,
          sprint_mu_snake_twists, sprint_mu_blade_basic,
          sprint_mu_crypt_fortress, sprint_mu_tomb_spiral,
          sprint_mu_vestibule_basic, sprint_mu_gehenna_hellfire,
          sprint_mu_dis_giant, sprint_mu_tartarus_statrot,
          sprint_mu_cocytus_islands, sprint_mu_zot1]

Skill      XL: |  1  2  3  4  5  6  7  8  9 |
---------------+----------------------------+-----
Fighting       | 4 5 6 7 8 10 11 13 | 13.3
Maces & Flails | 4 5 7 8 10 11 13 | 13.1
Armour         | 4 5 6 7 8 10 11 13 | 13.3
Shields        | 4 5 6 7 8 10 11 13 | 13.4
Invocations    | 2 3 5 6 8 9 10 | 10.9

Action                     |  1- 3 |  4- 6 |  7- 9 | 10-12 || total
---------------------------+-------+-------+-------+-------++-------
  Melee: Flail             |    22 |    28 |    86 |     2 ||   138
         Headbutt          |     6 |     4 |    32 |     2 ||    44
 Invoke: Upheaval          |       |       |    14 |     1 ||    15
    Use: Potion            |     2 |     1 |     3 |       ||     6
 Armour: Scale mail        |     9 |    14 |    31 |     3 ||    57
  Dodge: Dodged            |     9 |     7 |    20 |       ||    36
  Block: Buckler           |     6 |     7 |    24 |     1 ||    38
